Map: Estação Rei Sejong ER

Players

Sefirofe

  • Race: Protoss Protoss
  • League: Master

TheZergLord - Winner!

  • Race: Zerg Zerg
  • League: Master

VOD

Have the link to the VOD?

Description

Time

  • Played on: May 24, 2016, 5:59 p.m.
  • Length: 5:27
Show
View Real Time Build Order
Export as new Build Order

Sefirofe Protoss 

Build Orders: 1 Gate Expand 

Get SALT Encoding   

  12  0:01  Probe (Chrono Boost)  
  13  0:11  Probe (Chrono Boost)  
  14  0:17  Pylon  
  14  0:22  Probe (Chrono Boost)  
  16  0:35  Probe (Chrono Boost)  
  16  0:36  Gateway  
  16  0:42  Assimilator  
  16  0:46  Probe (Chrono Boost)  
  17  0:56  Probe (Chrono Boost)  
  18  1:07  Probe (Chrono Boost)  
  19  1:23  Nexus  
  19  1:25  Probe (Chrono Boost)  
  20  1:33  Cybernetics Core  
  20  1:36  Probe (Chrono Boost)  
  21  1:45  Assimilator  
  22  1:47  Probe (Chrono Boost)  
  22  1:52  Pylon  
  22  1:57  Probe (Chrono Boost)  
  23  2:10  Probe (Chrono Boost)  
  23  2:11  Adept  
  23  2:14  Warp Gate  
  26  2:21  Probe (Chrono Boost)  
  27  2:32  Mothership Core (Chrono Boost)  
  27  2:33  Pylon  
  29  2:39  Probe (Chrono Boost)  
  29  2:47  Adept  
  29  2:49  Probe (Chrono Boost)  
  29  2:50  Probe (Chrono Boost)  
  33  2:55  Forge  
  33  3:00  Probe x2 (Chrono Boost)  
  35  3:10  Probe (Chrono Boost)  
  35  3:11  Probe (Chrono Boost)  
  37  3:17  Sentry  
  39  3:21  Gateway, Probe (Chrono Boost)  
  39  3:23  Gateway  
  39  3:24  Probe (Chrono Boost)  
  41  3:28  Protoss Ground Weapons Level 1 (Chrono Boost)  
  41  3:31  Probe (Chrono Boost)  
  42  3:36  Pylon  
  42  3:39  Probe (Chrono Boost)  
  43  3:42  Probe (Chrono Boost)  
  44  3:49  Probe  
  44  3:53  Probe  
  46  4:00  Probe, Assimilator  
  47  4:03  Assimilator  
  47  4:05  Probe  
  47  4:08  Twilight Council  
  47  4:09  Pylon  
  48  4:10  Probe  
  49  4:18  Probe  
  49  4:21  Probe  
  51  4:30  Probe  
  52  4:31  Probe, Sentry x3  
  59  4:42  Nexus  
  59  4:44  Pylon  
  59  4:53  Probe x2  
  61  5:02  Stalker x3  
Show
View Real Time Build Order
Export as new Build Order

TheZergLord Zerg - Winner!

Build Orders: Hatch First 

Get SALT Encoding   

  12  0:01  Drone  
  13  0:12  Overlord  
  13  0:17  Drone  
  14  0:31  Drone x2  
  16  0:35  Drone  
  17  0:53  Hatchery  
  17  0:56  Drone  
  17  0:59  Drone  
  18  1:10  Extractor  
  17  1:13  Spawning Pool  
  17  1:16  Drone  
  17  1:19  Drone  
  18  1:28  Drone  
  19  1:40  Overlord  
  19  1:52  Drone  
  20  2:00  Queen  
  20  2:01  Zergling x2  
  23  2:05  Queen  
  23  2:06  Drone  
  26  2:11  Metabolic Boost  
  27  2:15  Drone  
  27  2:18  Drone  
  27  2:22  Drone  
  29  2:27  Drone  
  30  2:39  Hatchery  
  29  2:45  Drone x3  
  32  2:52  Drone  
  32  2:55  Overlord  
  33  3:01  Drone  
  34  3:09  Drone x2  
  36  3:18  Zergling x6  
  38  3:21  Overlord  
  38  3:22  Queen x2  
  38  3:24  Drone  
  43  3:38  Overlord  
  44  3:41  Drone x4  
  44  3:42  Drone x4  
  51  3:50  Overlord  
  51  3:56  Overlord  
  51  4:08  Lair  
  51  4:13  Overlord  
  51  4:15  Drone x6  
  51  4:16  Drone x3  
  60  4:24  Evolution Chamber  
  60  4:25  Zergling x4, Extractor  
  60  4:26  Zergling x4  
  62  4:31  Zergling x2  
  62  4:32  Zergling x2  
  62  4:37  Zergling x4  
  66  4:44  Zergling x2  
  66  4:45  Zergling x2  
  68  4:50  Drone x7  
  68  4:51  Drone x2  
  77  4:56  Drone  
  77  4:59  Extractor  
  77  5:00  Extractor x2  
  77  5:01  Extractor  
  77  5:04  Drone x2  
  75  5:10  Drone  
  75  5:11  Drone  
Tags
 
Add a new tag
Caveats
  • Supply blocks, unpowered buildings, or Contaminate may cause inaccurate times.
  • Supply counts are checked every 10 seconds.